 Dungeon Crawl Stone Soup version 0.29-a0-1023-g6ae1a4a2c7 (webtiles) character file.

Game seed: 10317286770149989602

1572 2tc the Spear-Bearer (level 8, -1/56 HPs)
             Began as a Merfolk Gladiator on Aug 11, 2022.
             Was a Priest of Okawaru.
             Slain by an orc wizard
             ... wielding a +0 dagger
              (4 damage)
             ... on level 8 of the Dungeon.
             The game lasted 00:14:08 (6904 turns).

2tc the Spear-Bearer (Merfolk Gladiator)            Turns: 6904, Time: 00:14:10

Health: -1/56      AC:  8    Str: 20    XL:     8   Next: 90%
Magic:  0/11       EV: 13    Int:  9    God:    Okawaru [***...]
Gold:   233        SH:  0    Dex: 16    Spells: 7/7 levels left

rFire   . . .      SeeInvis .   s - +2 spear (freeze)
rCold   . . .      Faith    .   (no shield)
rNeg    . . .      Spirit   +   b - +0 leather armour
rPois   .          Reflect  .   c - +0 helmet
rElec   .          Harm     .   (no cloak)
rCorr   .          Rampage  .   n - +0 pair of gloves
Will    .....                   g - +2 pair of boots
Stlth   +.........              r - amulet of guardian spirit
HPRegen 0.18/turn               m - +6 ring of strength
MPRegen 0.12/turn               (no ring)

@: mighty, brilliant, attractive, flying
A: (nimble swimmer 2), mertail
a: Renounce Religion, Heroism


You were on level 8 of the Dungeon.
You worshipped Okawaru.
Okawaru was most pleased with you.
You visited 2 branches of the dungeon, and saw 9 of its levels.

You collected 233 gold pieces.

Inventory:

Hand Weapons
 a - a +0 trident of protection
 s - a +2 spear of freezing (weapon)
 y - a +0 spear
Missiles
 d - 4 throwing nets
 e - 7 javelins
 l - 3 boomerangs
 o - 15 poisoned darts (quivered)
Armour
 b - a +0 leather armour (worn)
 c - a +0 helmet (worn)
 g - a +2 pair of boots (worn)
 n - a +0 pair of gloves (worn)
Jewellery
 m - a +6 ring of strength (left hand)
 r - an amulet of guardian spirit (around neck)
Wands
 t - a wand of roots (7)
Scrolls
 k - 3 scrolls of teleportation
 q - a scroll of fear
 u - 3 scrolls of enchant armour
 x - 2 scrolls of fog
Potions
 f - a potion of mutation
 i - 2 potions of degeneration
 p - a potion of haste {unknown}
 B - a potion of attraction


   Skills:
 - Level 2.1 Fighting
 - Level 12.0 Polearms
 - Level 2.0 Throwing
 + Level 3.1 Armour
 - Level 4.0 Dodging
 - Level 5.0 Invocations


You had 7 spell levels left.
You didn't know any spells.
Your spell library contained the following spells:

 Spells                   Type           Power      Damage    Failure   Level
 Freeze                   Ice            0%         1d3       43%         1
 Frozen Ramparts          Ice            0%         1d1       80%         3
 Ozocubu's Armour         Ice            0%         N/A       80%         3
 Hailstorm                Conj/Ice       0%         3d3       99%         4
 Metabolic Englaciation   Hex/Ice        0%         N/A       100%        5
 Simulacrum               Ice/Necr       Unusable   N/A       N/A         6

Dungeon Overview and Level Annotations

Branches:
Dungeon (8/15)             Temple (1/1) D:6
   Lair: D:8-11

Altars:
Ashenzari
Cheibriados
Elyvilon
Kikubaaqudgha
Makhleb
Nemelex Xobeh
Okawaru
Qazlal
Ru
Trog
Uskayaw
Vehumet
Wu Jian
Yredelemnul
Zin
The Shining One

Shops:
D:4 :   D:6 !

Annotations:
D:4 3 runed translucent doors, PigKeeper's ghost, amateur TeIE


Innate Abilities, Weirdness & Mutations

((You are very nimble when in or above water. (Stealth+, EV+, Speed+++)))
Your lower body shifts to a powerful aquatic tail in water.


Message History

The orc hits you from afar with a +0 trident.
Something hits you but does no damage. Something hits you.
* * * LOW HITPOINT WARNING * * *
You hit something but do no damage. You hit something. You freeze something.
The orc hits you from afar with a +0 trident.
* * * LOW HITPOINT WARNING * * *
Something hits you but does no damage.
You hear some strange, mumbled words.
Something tries to affect you, but you resist.
You miss something.
It was a potion of attraction.
You feel attractive to monsters. Something hits you but does no damage.
The orc misses you. Something hits you.
* * * LOW HITPOINT WARNING * * *
It was a potion of flight.
You feel very buoyant.
You fly up into the air.
You hear the loud creaking of a very distant portcullis.
Something hits you but does no damage. The orc closely misses you.
Something hits you.
* * * LOW HITPOINT WARNING * * *
It was a potion of brilliance.
You feel clever all of a sudden. The orc hits you but does no damage.
Something hits you but does no damage. x2
It was a potion of might.
You feel very mighty all of a sudden.
You hear some strange, mumbled words.
A magic dart appears from out of thin air!
The magic dart hits you.
* * * LOW HITPOINT WARNING * * *
The orc hits you but does no damage. Something hits you.
You puncture something! You freeze something. Okawaru accepts your kill.
Reactivating autopickup.
You feel a bit more experienced.
The orc hits you from afar with a +0 trident.
* * * LOW HITPOINT WARNING * * *
Something hits you.
You die...

#.......+........
.....
##..(..##.......
##....# ##..###
...... ##.#.#
##.# ..... ###.#
### #.# ...#
#.###.# #.?#
...##.# #.# #..#
## ......#
#.####.)##.##
...####
#.##..o{@...#
#.####
#.##...)##.......
.....#
#.##.....########
#.##.# #.##....##
#.##.####.......#
#............#.##
####.#########.#
####.# #.# .....#
#.#


You could see an orc.

Vanquished Creatures
  A hornet (D:7)
  2 ice beasts
  3 ogres (D:6)
  2 phantoms
  A bullfrog (D:6)
  4 scorpions
  4 hounds
  3 jellies (D:5)
  An orc priest (D:8)
  3 iguanas
  2 orc wizards (D:8)
  6 adders
  2 shadow imps
  2 white imps
  2 dart slugs (D:3)
  12 orcs
  4 ball pythons
  4 endoplasms
  4 giant cockroaches
  3 goblins
  3 hobgoblins
  2 jackals (D:2)
  2 quokkas (D:2)
  6 bats
  3 frilled lizards
  10 kobolds
  6 rats
97 creatures vanquished.

Notes
Turn   | Place    | Note
-------+----------+-------------------------------------------
     0 | D:1      | 2tc the Merfolk Gladiator began the quest for the Orb.
     0 | D:1      | Reached XP level 1. HP: 16/16 MP: 1/1
   279 | D:1      | Reached XP level 2. HP: 22/22 MP: 2/2
   449 | D:1      | Found a faded altar of an unknown god.
   456 | D:1      | Prayed at the altar of an unknown god.
   456 | D:1      | Became a worshipper of Warmaster Okawaru
   456 | D:1      | Reached * piety under Okawaru
   677 | D:2      | Reached skill level 5 in Polearms
  1124 | D:2      | Reached XP level 3. HP: 27/27 MP: 3/3
  1720 | D:3      | Reached skill level 6 in Polearms
  1774 | D:3      | Reached XP level 4. HP: 33/33 MP: 4/4
  1833 | D:3      | Reached skill level 7 in Polearms
  2433 | D:4      | Noticed a bullfrog
  2433 | D:4      | Noticed PigKeeper's ghost (amateur TeIE)
  2443 | D:4      | Found a runed translucent gate.
  2443 | D:4      | Found a runed translucent gate.
  2446 | D:4      | Noticed a necrophage
  2453 | D:4      | Found a runed translucent gate.
  2469 | D:4      | Noticed a scorpion
  2480 | D:4      | Killed a scorpion
  2481 | D:4      | Reached XP level 5. HP: 38/38 MP: 5/5
  2525 | D:4      | Found Moixzige's Book Shop.
  2548 | D:4      | Reached skill level 8 in Polearms
  3216 | D:5      | Entered Level 5 of the Dungeon
  3231 | D:5      | Reached ** piety under Okawaru
  3232 | D:5      | Reached XP level 6. HP: 35/44 MP: 6/6
  3442 | D:5      | Reached skill level 9 in Polearms
  3661 | D:5      | Reached skill level 10 in Polearms
  3661 | D:5      | Reached XP level 7. HP: 24/50 MP: 5/7
  4414 | D:5      | Found a hide-covered altar of Uskayaw.
  4734 | D:6      | Reached skill level 11 in Polearms
  4766 | D:6      | Found a staircase to the Ecumenical Temple.
  4774 | Temple   | Entered the Ecumenical Temple
  5207 | D:6      | Found Bauf's Distillery.
  5351 | D:6      | Reached skill level 12 in Polearms
  5351 | D:6      | Reached XP level 8. HP: 56/56 MP: 8/8
  5443 | D:6      | Reached *** piety under Okawaru
  6179 | D:7      | You fall into a shaft and drop 1 floor!
  6203 | D:8      | Reached skill level 5 in Invocations
  6269 | D:8      | Reached skill level 1 in Armour
  6475 | D:8      | Found a sacrificial altar of Ru.
  6621 | D:8      | Noticed a hornet
  6642 | D:7      | Paralysed by a hornet for 2 turns
  6649 | D:7      | Killed a hornet
  6904 | D:8      | Slain by an orc wizard

Illustrated notes

Levels and vault maps discovered:
D:1:      mrwooster_arrival_arrow, layout_basic,
          shapermc_ecumenical_altar_mp_ritualfount,
          hangedman_decor_clover_reticule
D:2:      layout_basic
D:3:      layout_loops_ring, grunt_decor_arrowhead
D:4:      layout_loops_cross, serial_shops, nicolae_shop_crystal,
          gammafunk_ghost_split
D:5:      minmay_spotlight, layout_basic, mainiacjoe_overflow_catwalk,
          minmay_stone_trees_small
D:6:      layout_cave_pods, minmay_temple_entry_grid, serial_shops,
          nicolae_shop_stone
D:7:      layout_rooms, serial_glass, glass_columns_a, glass_columns_c,
          hangedman_abyss_or_decor_stabs, lightli_orcish_oven
D:8:      layout_loops_corners, nicolae_ru_path_of_blood, david_lair_shrubbed,
          enter_bailey_3, sword_in_stone
Temple:   nicolae_temple_great_sept

Skill      XL: |  1  2  3  4  5  6  7  8 |
---------------+-------------------------+-----
Polearms       | 5 6 7 8 10 12 | 12.0
Invocations    | 5 |  5.0
Armour         | 3 |  3.1
Fighting       | |  2.1
Throwing       | |  2.0
Dodging        | |  4.0

Action                   |  1- 3 |  4- 6 |  7- 9 || total
-------------------------+-------+-------+-------++-------
Melee: Trident           |   111 |    38 |       ||   149
       Spear             |       |   142 |   238 ||   380
       Punch             |       |     1 |     2 ||     3
Throw: Dart              |       |     4 |     9 ||    13
Evoke: Wand              |       |     1 |     1 ||     2
  Use: Scroll            |     8 |     9 |     4 ||    21
       Potion            |       |     2 |     7 ||     9
 Stab: Sleeping          |     2 |       |       ||     2
       Invisible         |       |     3 |     1 ||     4
Armor: Leather armour    |    32 |    43 |    37 ||   112
Dodge: Dodged            |    56 |    83 |    85 ||   224

Table legend: (Time is in decaauts)
 A = Elapsed time spent in this place.
 B = Non-inter-level travel time spent in this place.
 C = Inter-level travel time spent in this place.
 D = Time resting spent in this place.
 E = Time spent auto-exploring this place.
 F = Levels seen in this place.
 G = Mean time per level.
                   A        B        C        D        E       F      G
               +--------+--------+--------+--------+--------+-----+--------+
         Total |   6749 |   6546 |    203 |    376 |   5293 |   9 |  749.9 |
       Dungeon |   6663 |   6473 |    190 |    376 |   5230 |   8 |  832.9 |
        Temple |     86 |     73 |     13 |      0 |     63 |   1 |   86.0 |
               +--------+--------+--------+--------+--------+-----+--------+

Top non-repeatable levels by time:
     D:5: 1430 daAuts
     D:6: 1311 daAuts
     D:2: 921 daAuts
     D:4: 833 daAuts
     D:3: 825 daAuts
     D:1: 634 daAuts
     D:8: 465 daAuts
     D:7: 240 daAuts
  Temple: 86 daAuts
